 Dungeon Crawl Stone Soup version 0.30-a0-54-g2e61a25929 (webtiles) character file.

Game seed: 3367526384521207008

30619 Newt the Basher (level 13, -1/113 HPs)
             Began as a Grey Draconian Monk on Sept 7, 2022.
             Was an Initiate of Gozag.
             Slain by a fire crab (15 damage)
             ... on level 12 of the Dungeon.
             The game lasted 00:23:53 (18204 turns).

Newt the Basher (Grey Draconian Monk)              Turns: 18204, Time: 00:23:53

Health: -1/113     AC: 19    Str: 18    XL:     13   Next: 21%
Magic:  20/20      EV: 16    Int: 11    God:    Gozag
Gold:   682        SH:  0    Dex: 14    Spells: 22/22 levels left

rFire   . . .      SeeInvis .    b - +1 demon whip (venom)
rCold   + . .      Faith    .    (no shield)
rNeg    . . .      Spirit   .    (body armour unavailable)
rPois   .          Reflect  .    (helmet restricted)
rElec   .          Harm     .    (no cloak)
rCorr   .          Rampage  .    c - +1 pair of gloves
Will    .....                    (no boots)
Stlth   ++........               (no amulet)
HPRegen 0.28/turn                H - +4 ring of slaying
MPRegen 0.17/turn                o - +4 ring of protection

@: no status effects
A: AC +13, amphibious, unfitting armour, cold-blooded, cold resistance 1
a: Renounce Religion, Potion Petition, Call Merchant, Bribe Branch


You were on level 12 of the Dungeon.
You worshipped Gozag.
Gozag was pleased with you.
You visited 2 branches of the dungeon, and saw 13 of its levels.
You also visited: Ossuary and Bailey.

You collected 2570 gold pieces.
You spent 580 gold pieces at shops.
You paid 1308 gold pieces to Gozag.

Inventory:

Hand Weapons
 a - a +0 mace
 b - a +1 demon whip of venom (weapon)
 h - a +1 whip of freezing
 p - a +2 whip of venom
Armour
 c - a +1 pair of gloves (worn)
Jewellery
 f - a ring of wizardry
 n - a +6 ring of strength
 o - a +4 ring of protection (right hand)
 v - a ring of poison resistance
 D - a ring of ice
 G - a ring of resist corrosion
 H - a +4 ring of slaying (left hand)
Wands
 C - a wand of quicksilver (5)
Scrolls
 d - a scroll of silence {unknown}
 q - 3 scrolls of amnesia
 u - 3 scrolls of enchant armour
 w - a scroll of teleportation
 x - 3 scrolls of poison
 B - a scroll of magic mapping
Potions
 e - 6 potions of degeneration
 g - 6 potions of attraction
 i - 2 potions of flight
 k - 3 potions of magic
 l - a potion of might
 m - 3 potions of lignification
 r - 2 potions of invisibility
 s - a potion of resistance {unknown}
 z - 2 potions of brilliance {unknown}
 A - a potion of cancellation {unknown}
 F - a potion of haste


   Skills:
 - Level 10.0 Fighting
 - Level 14.0 Maces & Flails
 - Level 10.0 Dodging
 - Level 2.0 Stealth
 - Level 4.3 Shields
 - Level 5.0 Spellcasting
 + Level 5.8 Summonings
 - Level 8.0 Evocations


You had 22 spell levels left.
You didn't know any spells.
Your spell library contained the following spells:

 Spells                   Type           Power      Damage    Failure   Level
 Shock                    Conj/Air       8%         1d3       22%         1
 Blink                    Tloc           4%         N/A       32%         2
 Scorch                   Fire           4%         2d5       32%         2
 Sublimation of Blood     Necr           2%         N/A       32%         2
 Stone Arrow              Conj/Erth      4%         3d7       54%         3
 Swiftness                Air            2%         N/A       54%         3
 Airstrike                Air            1%         2d(1-17)  91%         4
 Flame Wave               Conj/Fire      2%         2d4       91%         4
 Petrify                  Tmut/Erth      2%         N/A       91%         4
 Summon Cactus Giant      Summ           7%         N/A       96%         6
 Irradiate                Conj/Tmut      1%         3d12      99%         5
 Manifold Assault         Tloc           2%         N/A       99%         5
 Storm Form               Tmut/Air       1%         N/A       100%        7
 Lehudib's Crystal Spear  Conj/Erth      1%         10d2      100%        8
 Animate Armour           Summ/Erth      Unusable   N/A       N/A         4

Dungeon Overview and Level Annotations

Branches:
Dungeon (12/15)            Temple (1/1) D:5            Lair (0/5) D:11
    Orc (0/2) D:11        Ossuary (visited)          Bailey (visited)

Altars:
Ashenzari
Cheibriados
Dithmenos
Elyvilon
Fedhas
Gozag
Hepliaklqana
Kikubaaqudgha
Makhleb
Nemelex Xobeh
Okawaru
Qazlal
Ru
Sif Muna
Trog
Uskayaw
Vehumet
Wu Jian
Xom
Yredelemnul
Zin
The Shining One

Shops:
D:3 [   D:8 !   D:12 *=


Innate Abilities, Weirdness & Mutations

Your dull iron-grey scales are very hard. (AC +13)
You are amphibious.
You cannot fit into any form of body armour.
You are cold-blooded and may be slowed by cold attacks.
Your flesh is cold resistant. (rC+)


Message History

You now have 682 gold pieces (gained 18).
Things that are here:
a +3 morningstar of holy wrath; a +0 shortbow You start resting.
A fire crab comes into view.
A fire crab is nearby!
The fire crab breathes flames at you. The blast of flame engulfs you!
Unknown command.
You are engulfed in blazing flames.
The fire crab breathes flames at you. The blast of flame engulfs you.
There is an open door here.
Really walk into that cloud of flame?
Okay, then.
Unknown command.
The fire crab breathes flames at you. The blast of flame misses you.
Unknown command.
You are engulfed in blazing flames.
The fire crab breathes flames at you. The blast of flame misses you.
Unknown command.
Unknown command.
The fire crab breathes flames at you.
The blast of flame engulfs you but does no damage.
There is an open door here.
You barely miss the fire crab.
You are engulfed in blazing flames.
* * * LOW HITPOINT WARNING * * *
Unknown command.
You whack the fire crab!
The fire crab looks as sick as possible!
The fire crab is moderately wounded.
You are engulfed in blazing flames.
* * * LOW HITPOINT WARNING * * *
The fire crab bites you.
* * * LOW HITPOINT WARNING * * *
You are engulfed in flames!
You die...
Your body crumbles into a pile of gold.

...........# #.[.###.#####
################## #.#.....#
.)..'.....'......' #.#####.#
....#.....#......###'# #.#
....#.....#......##..# #.#
....#.....#..°..°##..# #.#
#####.....#...°°°###'#####.#
#######...°t.#...#..##.# ##
##@#...##.##.# .#
#°°#...##.##.# .#
#°####'##.##.# .#
#°#....##.##.# .#
######$#....##.##.#
.#######.#..#.#.#....##.#..#
##)#....##.#.##.#....#.....#
#.#..# ..#.#.#$#####'##.#..#
#.#.## #.#.#.#.#.....##.#..#


You could see a fire crab (extremely poisoned).

Vanquished Creatures
  A hydra (D:12)
  2 boulder beetles
  4 two-headed ogres
  A centaur warrior (D:12)
  An ogre mage (D:12)
  4 deep elf pyromancers
  Pikel (D:5)
  An orc knight (Bailey)
  An ugly thing (D:12)
  3 manticores (D:12)
  2 cyclopes
  2 gargoyles (D:12)
  2 unseen horrors (D:12)
  2 kobold demonologists (D:12)
  3 efreet
  A komodo dragon (D:12)
  3 trolls
  3 hornets
  A slime creature (D:12)
  A shadow (D:11)
  14 yaks
  3 vampires
  A wraith (D:12)
  Grum (D:8)
  3 wyverns
  2 steam dragons
  9 vampire mosquitoes (D:12)
  An acid dragon (D:12)
  Menkaure (D:5)
  Duvessa (D:6)
  2 water moccasins
  9 orc warriors
  An ogre (D:5)
  2 black bears
  5 wolves
  4 centaurs
  2 phantoms
  4 bullfrogs
  A kobold brigand (D:7)
  A necrophage (D:5)
  A gnoll sergeant (D:11)
  2 scorpions
  9 wights
  Dowan (D:6)
  2 howler monkeys
  5 electric eels (D:11)
  A crimson imp (D:9)
  3 hounds
  8 orc priests
  2 jellies (D:5)
  8 orc wizards
  Natasha (twice) (D:2)
  2 iguanas
  13 mummies (Ossuary)
  Robin (D:2)
  8 gnolls
  8 adders
  2 shadow imps (D:6)
  2 white imps
  2 ufetubi
  2 worms
  A dart slug (D:1)
  34 orcs
  4 ball pythons
  4 endoplasms
  2 giant cockroaches
  15 goblins
  8 hobgoblins
  4 jackals (D:4)
  2 quokkas
  A bat (D:1)
  3 frilled lizards
  2 gnoll skeletons (Ossuary)
  2 goblin skeletons (Ossuary)
  10 kobolds
  2 kobold skeletons (Ossuary)
  2 orc skeletons (Ossuary)
  4 rats
  11 rat skeletons (Ossuary)
301 creatures vanquished.

Vanquished Creatures (collateral kills)
  Amaemon (D:8)
  An orange demon (D:8)
2 creatures vanquished.

Vanquished Creatures (others)
  Natasha (D:2)
1 creature vanquished.

Grand Total: 304 creatures vanquished

Notes
Turn   | Place    | Note
-------+----------+-------------------------------------------
     0 | D:1      | Newt the Draconian Monk began the quest for the Orb.
     0 | D:1      | Reached XP level 1. HP: 19/19 MP: 1/1
   296 | D:1      | Reached XP level 2. HP: 25/27 MP: 2/2
   512 | D:1      | Found a faded altar of an unknown god.
   591 | D:2      | Identified the +2 leather armour "Ikyujafe" {rC+}
   614 | D:2      | Reached XP level 3. HP: 34/34 MP: 3/3
   779 | D:2      | Noticed Robin
   822 | D:2      | Reached skill level 5 in Fighting
   834 | D:2      | Killed Robin
  1272 | D:2      | Reached XP level 4. HP: 33/42 MP: 4/4
  1596 | D:2      | Noticed Natasha
  1606 | D:2      | Reached skill level 4 in Maces & Flails
  1612 | D:2      | Killed Natasha
  1847 | D:2      | Noticed Natasha
  1859 | D:2      | Killed Natasha
  1860 | D:2      | Reached XP level 5. HP: 14/48 MP: 5/5
  1909 | D:2      | Noticed Natasha
  1914 | D:2      | Killed Natasha
  2397 | D:3      | Reached skill level 5 in Maces & Flails
  3351 | D:3      | Found Qaqoqul's Armour Emporium.
  3725 | D:4      | Reached XP level 6. HP: 56/56 MP: 6/6
  3873 | D:4      | Noticed Pikel
  3906 | D:5      | Entered Level 5 of the Dungeon
  3922 | D:5      | Killed Pikel
  3923 | D:5      | Your scales start taking on a dull iron-grey colour.
  3923 | D:5      | Reached XP level 7. HP: 12/61 MP: 7/7
  4739 | D:4      | You fall into a shaft and drop 1 floor!
  4770 | D:5      | Found a staircase to the Ecumenical Temple.
  4821 | Temple   | Entered the Ecumenical Temple
  4821 | Temple   | Found a transporter.
  4821 | Temple   | Found a transporter.
  4823 | Temple   | Found a transporter.
  4823 | Temple   | Found a transporter.
  4894 | Temple   | Became a worshipper of Gozag Ym Sagoz the Greedy
  4932 | D:5      | Reached skill level 6 in Maces & Flails
  5421 | D:5      | Noticed Menkaure
  5433 | D:5      | Killed Menkaure
  5434 | D:5      | Reached skill level 7 in Maces & Flails
  5434 | D:5      | Reached XP level 8. HP: 51/68 MP: 8/8
  5891 | D:5      | Found a sparkling altar of Nemelex Xobeh.
  5989 | D:5      | Reached skill level 8 in Maces & Flails
  6136 | D:6      | Noticed Dowan
  6138 | D:6      | Noticed Duvessa
  6157 | D:6      | Killed Dowan
  6162 | D:6      | Killed Duvessa
  6296 | D:6      | Found a large runed translucent door.
  6296 | D:6      | Found a large runed translucent door.
  6353 | D:6      | Found a sand-covered staircase.
  6359 | Ossuary  | Entered an ossuary
  6959 | D:6      | Gained mutation: Your spells are a little easier to cast,
                  | but a little less powerful. [potion of mutation]
  6959 | D:6      | Gained mutation: Your large and strong wings let you fly.
                  | [potion of mutation]
  7780 | D:6      | Found a bloodstained altar of Trog.
  7806 | D:6      | Found an ornate altar of the Wu Jian Council.
  7814 | D:6      | Reached XP level 9. HP: 81/81 MP: 9/9
  8035 | D:7      | Reached skill level 9 in Maces & Flails
  8969 | D:8      | Noticed Amaemon
  8969 | D:8      | Noticed an orange demon
  8983 | D:8      | Killed Amaemon
  8983 | D:8      | Killed an orange demon
  8984 | D:8      | Reached skill level 10 in Maces & Flails
  8984 | D:8      | Reached skill level 11 in Maces & Flails
  9024 | D:8      | Found Pabliycu's Distillery.
  9084 | D:8      | Found a flagged portal.
  9090 | Bailey   | Entered a bailey
  9165 | Bailey   | Found a large runed translucent door.
  9165 | Bailey   | Found a large runed translucent door.
  9166 | Bailey   | Noticed a deep elf pyromancer
  9191 | Bailey   | Reached XP level 10. HP: 70/88 MP: 10/10
  9287 | Bailey   | Noticed an orc knight
  9331 | Bailey   | Killed an orc knight
  9332 | Bailey   | Reached skill level 12 in Maces & Flails
  9766 | Bailey   | Killed a deep elf pyromancer
  9785 | Bailey   | Identified the +8 crystal plate armour "Ceaschui" {Slay+2}
  9786 | Bailey   | Identified the +0 plate armour "Ysmy" {rF+ rC++ Dex+3
                  | Stlth+}
 10010 | D:8      | Noticed Grum
 10019 | D:8      | Reached skill level 13 in Maces & Flails
 10035 | D:8      | Killed Grum
 10457 | D:8      | Bought a potion of heal wounds for 50 gold pieces
 10457 | D:8      | Bought a potion of curing for 30 gold pieces
 10463 | D:8      | Bought a potion of experience for 500 gold pieces
 10465 | D:8      | Reached XP level 11. HP: 97/97 MP: 11/11
 10906 | D:8      | Noticed a two-headed ogre
 10916 | D:8      | Killed a two-headed ogre
 11048 | D:9      | Identified the +2 helmet of Muirec {rC+ Will+}
 11295 | D:9      | Reached skill level 14 in Maces & Flails
 11846 | D:10     | Entered Level 10 of the Dungeon
 11862 | D:10     | Reached skill level 10 in Fighting
 12061 | D:10     | Noticed a two-headed ogre
 12072 | D:10     | Killed a two-headed ogre
 12831 | D:11     | Reached XP level 12. HP: 98/106 MP: 12/12
 13570 | D:11     | Found a staircase to the Lair.
 13589 | D:11     | Found a staircase to the Orcish Mines.
 13693 | D:11     | Noticed a boulder beetle
 13711 | D:11     | Killed a boulder beetle
 14469 | D:12     | Reached skill level 10 in Dodging
 14539 | D:12     | Reached skill level 5 in Evocations
 14683 | D:12     | Noticed a two-headed ogre
 14684 | D:12     | Noticed a two-headed ogre
 14698 | D:12     | Killed a two-headed ogre
 14916 | D:12     | Killed a two-headed ogre
 15181 | D:12     | HP: 1/106 [vampire/vampiric draining (20)]
 15275 | D:12     | Reached skill level 1 in Spellcasting
 16641 | D:12     | Noticed a centaur warrior
 16655 | D:12     | HP: 3/106 [centaur warrior/arrow (6)]
 17339 | D:12     | Paralysed by a hornet for 2 turns
 17350 | D:12     | Lost mutation: Your spells are a little easier to cast, but
                  | a little less powerful. [potion of mutation]
 17350 | D:12     | Lost mutation: Your large and strong wings let you fly.
                  | [potion of mutation]
 17350 | D:12     | Gained mutation: Your body sometimes deteriorates upon
                  | taking damage. [potion of mutation]
 17350 | D:12     | Gained mutation: You have supernaturally acute eyesight.
                  | (SInv) [potion of mutation]
 17350 | D:12     | Gained mutation: You are occasionally teleported next to
                  | monsters. [potion of mutation]
 17350 | D:12     | Gained mutation: You have a pair of small horns on your
                  | head. [potion of mutation]
 17351 | D:12     | Lost mutation: You have a pair of small horns on your head.
                  | [potion of mutation]
 17351 | D:12     | Lost mutation: You have supernaturally acute eyesight.
                  | (SInv) [potion of mutation]
 17351 | D:12     | Lost mutation: Your body sometimes deteriorates upon taking
                  | damage. [potion of mutation]
 17351 | D:12     | Gained mutation: You are robust. (+10% HP) [potion of
                  | mutation]
 17352 | D:12     | Lost mutation: You are robust. (+10% HP) [potion of
                  | mutation]
 17352 | D:12     | Lost mutation: You are occasionally teleported next to
                  | monsters. [potion of mutation]
 17352 | D:12     | Gained mutation: Your flesh is cold resistant. (rC+)
                  | [potion of mutation]
 17415 | D:12     | Identified the +8 falchion of Ogoinu {freeze, Int+2 Dex+2}
 17427 | D:12     | Killed a centaur warrior
 17428 | D:12     | Reached skill level 5 in Spellcasting
 17527 | D:12     | Reached skill level 1 in Summonings
 17538 | D:12     | Noticed an ogre mage
 17546 | D:12     | Killed an ogre mage
 17546 | D:12     | Noticed a boulder beetle
 17547 | D:12     | Reached XP level 13. HP: 104/113 MP: 20/20
 17765 | D:12     | Reached skill level 5 in Summonings
 18204 | D:12     | Slain by a fire crab

Illustrated notes

Levels and vault maps discovered:
D:1:      nzn_arrival_depleted_hourglass, layout_rooms,
          dreamdust_ecumenical_altar_statues
D:2:      layout_basic, uniq_robin, uniq_natasha
D:3:      layout_basic, serial_shops, nicolae_lakefront_shop
D:4:      layout_cave_pods, minmay_misc_feat_plants, serial_bayou_pond_d,
          uniq_pikel, uniq_crazy_yiuf_cottage
D:5:      layout_loops_ring, nemelex_dance_club_becter, temple_fountains,
          hangedman_decor_opposing, minivault_14, uniq_menkaure
D:6:      layout_loops_ring, jmf_multi_god_temple2,
          nicolae_ossuary_entry_monument, st_stairs_5, minmay_misc_feat_tiny,
          kennysheep_another_room, bh_walls_and_bars, uniq_duvessa
D:7:      lemuel_ice_spiral_2, layout_basic
D:8:      layout_gridville, enter_bailey_2, serial_shops, shop, uniq_amaemon,
          uniq_grum
D:9:      layout_basic, minmay_fire_ice_demons
D:10:     layout_gridville
D:11:     layout_cave_pods, erik_lair_island
D:12:     minmay_spiral_squares, layout_loops_ring, serial_rivers,
          chequers_serial_rivers_room_b, chequers_serial_rivers_micro_d,
          chequers_serial_rivers_large_a, chequers_serial_rivers_marsh
Temple:   hellmonk_temple_divided_pantheon

Skill      XL: |  1  2  3  4  5  6  7  8  9 10 11 12 13 |
---------------+----------------------------------------+-----
Stealth        | 2 |  2.0
Fighting       | 4 5 8 9 10 | 10.0
Maces & Flails | 4 5 7 8 11 13 14 | 14.0
Dodging        | 3 6 7 8 10 | 10.0
Shields        | 4 |  4.3
Evocations     | 4 8 |  8.0
Spellcasting   | 5 |  5.0
Summonings     | 2 5 |  5.8

Action                   |  1- 3 |  4- 6 |  7- 9 | 10-12 | 13-15 || total
-------------------------+-------+-------+-------+-------+-------++-------
Melee: Mace              |   102 |    80 |       |       |       ||   182
       Tailslap          |     7 |    15 |    96 |    95 |    13 ||   226
       Punch             |     2 |       |     8 |    10 |     1 ||    21
       Whip              |       |    68 |   452 |       |       ||   520
       Demon whip        |       |       |    35 |   596 |    76 ||   707
Invok: Call Merchant     |       |       |       |     2 |       ||     2
Evoke: Wand              |       |       |       |     1 |       ||     1
  Use: Scroll            |     3 |     6 |    10 |     8 |       ||    27
       Potion            |     1 |     1 |     4 |    11 |       ||    17
 Stab: Sleeping          |     3 |     1 |    12 |       |     1 ||    17
       Distracted        |       |     1 |     2 |     3 |       ||     6
       Invisible         |       |       |       |     1 |       ||     1
Armor: Skin              |    49 |    55 |   128 |   169 |    36 ||   437
Dodge: Dodged            |    78 |   100 |   216 |   317 |    40 ||   751

Table legend: (Time is in decaauts)
 A = Elapsed time spent in this place.
 B = Non-inter-level travel time spent in this place.
 C = Inter-level travel time spent in this place.
 D = Time resting spent in this place.
 E = Time spent auto-exploring this place.
 F = Levels seen in this place.
 G = Mean time per level.
                   A        B        C        D        E       F      G
               +--------+--------+--------+--------+--------+-----+--------+
         Total |  17740 |  17457 |    283 |   4205 |  10655 |  15 | 1182.7 |
       Dungeon |  16399 |  16116 |    283 |   3812 |  10129 |  12 | 1366.6 |
        Temple |     86 |     86 |      0 |      0 |      2 |   1 |   86.0 |
       Ossuary |    553 |    553 |      0 |      0 |    380 |   1 |  553.0 |
        Bailey |    701 |    701 |      0 |    393 |    144 |   1 |  701.0 |
               +--------+--------+--------+--------+--------+-----+--------+

Top non-repeatable levels by time:
    D:12: 3045 daAuts
     D:2: 1640 daAuts
    D:11: 1602 daAuts
    D:10: 1467 daAuts
     D:5: 1456 daAuts
     D:8: 1289 daAuts
     D:3: 1284 daAuts
     D:6: 1221 daAuts
     D:7: 1027 daAuts
     D:4: 993 daAuts
     D:9: 782 daAuts
  Bailey: 701 daAuts
     D:1: 587 daAuts
 Ossuary: 553 daAuts
  Temple: 86 daAuts
